 Dungeon Crawl Stone Soup version 0.32-a0-918-g0f22ef8d61 (webtiles) character file.

Game seed: 14475228313563855955

282 smashvw the Poker (level 6, -1/41 (51) HPs)
             Began as a Minotaur Fighter on Apr 11, 2024.
             Slain by an ogre
             ... wielding a +0 giant spiked club
              (15 damage)
             ... on level 4 of the Dungeon.
             The game lasted 00:04:55 (2232 turns).

smashvw the Poker (Minotaur Fighter)                Turns: 2232, Time: 00:04:55

HP:   -1/41 (51)    AC:  9    Str: 22    XL:     6   Next: 6%
MP:   5/5           EV:  7    Int:  5    God:
Gold: 126           SH:  5    Dex: 10    Spells: 5/5 levels left

rFire   + . .        a - +0 trident
rCold   . . .        c - +0 buckler
rNeg    . . .        n - +0 chain mail
rPois   .            (helmet restricted)
rElec   .            k - scarf {+Inv}
rCorr   .            (no gloves)
SInv    .            (no boots)
Will    .....        (no amulet) Stlth
                     o - ring of protection from fire
HPRegen 0.26/turn    p - ring of flight
MPRegen 0.09/turn

%: no passive effects
@: flying, heavily drained
A: horns 2, retaliatory headbutt
a: Evoke Invisibility


You were on level 4 of the Dungeon.
You visited 1 branch of the dungeon, and saw 4 of its levels.

You collected 126 gold pieces.

Inventory:

Hand Weapons
 a - a +0 trident (weapon)
Missiles
 s - a throwing net (quivered)
Armour
 b - a scarf of harm
 c - a +0 buckler (worn)
 k - a scarf of invisibility (worn)
 n - a +0 chain mail (worn)
Jewellery
 o - a ring of protection from fire (left hand)
 p - a ring of flight (right hand)
 r - an amulet of faith
Wands
 t - a wand of mindburst (13)
Scrolls
 e - 6 scrolls of identify {unknown}
 f - 2 scrolls of noise {unknown}
 j - 2 scrolls of teleportation {unknown}
 m - a scroll of enchant armour {unknown}
Potions
 d - 2 potions of might
 g - 2 potions of invisibility {unknown}
 h - a potion of magic {unknown}
 i - 3 potions of curing {unknown}
 l - 2 potions of cancellation {unknown}
 q - 2 potions of haste {unknown}
 u - a potion of resistance {unknown}
 v - a potion of brilliance {unknown}


   Skills:
 - Level 3.6 Fighting
 + Level 6.1 Polearms
 - Level 3.6 Armour
 - Level 6.0 Shields


You had 5 spell levels left.
You didn't know any spells.
Your spell library contained the following spells:

 Spells                   Type           Power      Damage    Failure   Level
 Fugue of the Fallen      Necr           0%         N/A       100%        3
 Ozocubu's Armour         Ice            0%         N/A       100%        3
 Manifold Assault         Tloc           0%         N/A       100%        7


Dungeon Overview and Level Annotations

Branches:
Dungeon (4/15)
 Temple: D:4-7

Altars:
Dithmenos

Annotations:
D:3 2 transporters, retardedninja's ghost, amateur CoFi


Innate Abilities, Weirdness & Mutations

You have a pair of horns on your head.
You reflexively headbutt those who attack you in melee.


Message History

No target in view!
No target in view!
No target in view!
No target in view!
An ogre comes into view. It is wielding a +0 giant spiked club.
You catch the helpless ogre completely off-guard!
You hit the ogre.
The ogre is lightly wounded.
You block the ogre's attack.
You puncture the ogre!
The ogre is heavily wounded.
A ball python comes into view.
You hit the ogre.
The ogre is heavily wounded.
The ogre hits you with a +0 giant spiked club!
You barely miss the ogre.
The ogre is heavily wounded.
The ogre closely misses you.
You barely miss the ogre.
The ogre is heavily wounded.
The ball python bites you but does no damage.
The ball python grabs you. The ball python constricts you.
You block the ball python's attack. The ball python constricts you.
You barely miss the ball python. Your headbutt misses the ball python.
The ogre hits you with a +0 giant spiked club!
The ball python bites you. The ball python constricts you.
You puncture the ball python!
You kill the ball python!
The ogre hits you with a +0 giant spiked club!
* * * LOW HITPOINT WARNING * * *
You are too injured to fight recklessly!
You are too injured to fight recklessly!
Okay, then.
You feel drained.
You fail to use your ability.
You feel drained.
You fail to use your ability.
The ogre hits you with a +0 giant spiked club.
You closely miss the ogre.
The ogre is heavily wounded.
The ogre hits you with a +0 giant spiked club!
You die...

#######<#.#..
#.........#.#
#.##......#.#
#..#.###.###.#.#
##.#...........#
#.#.###.###...#
....# #.# ###
#####
#.####....#
#..@..#
####O....#
g...$# .....#
...!.# .....#
######


You could see an ogre and a goblin.

Vanquished Creatures
  An orc priest (D:3)
  An orc wizard (D:3)
  5 gnolls (D:3)
  10 adders
  A ribbon worm (D:2)
  A dart slug (D:1)
  3 orcs (D:3)
  10 bats
  7 endoplasms
  2 giant cockroaches (D:2)
  3 goblins
  7 hobgoblins
  8 jackals (D:1)
  A quokka (D:3)
  12 ball pythons
  4 frilled lizards
  6 kobolds
  3 rats (D:2)
85 creatures vanquished.

Notes
Turn   | Place    | Note
-------+----------+-------------------------------------------
     0 | D:1      | smashvw the Minotaur Fighter began the quest for the Orb.
     0 | D:1      | Reached XP level 1. HP: 19/19 MP: 0/0
   105 | D:1      | Reached XP level 2. HP: 25/26 MP: 1/1
   383 | D:1      | Reached XP level 3. HP: 28/31 MP: 2/2
   527 | D:1      | You fall into a shaft and drop 1 floor!
  1116 | D:2      | Reached XP level 4. HP: 39/39 MP: 3/3
  1419 | D:3      | Reached skill level 5 in Shields
  1612 | D:3      | Reached XP level 5. HP: 39/45 MP: 4/4
  1654 | D:3      | Found a shadowy altar of Dithmenos.
  1704 | D:3      | Found a transporter.
  1708 | D:3      | Noticed retardedninja's ghost (amateur CoFi)
  1709 | D:3      | Found a transporter.
  1780 | D:3      | Reached skill level 5 in Polearms
  2071 | D:3      | Reached XP level 6. HP: 51/51 MP: 5/5
  2232 | D:4      | Slain by an ogre

Illustrated notes

Levels and vault maps discovered:
D:1:      dpeg_arrival_rooms_c, layout_basic, minmay_misc_feat_columns
D:2:      layout_basic
D:3:      layout_rooms, mainiacjoe_overflow_catwalk, gammafunk_ghost_mausoleum,
          minmay_snake_closets
D:4:      layout_basic, elyvilon_altar_3, amcnicky_altar_gilded, uniq_pikel

Skill      XL: |  1  2  3  4  5 |
---------------+----------------+-----
Shields        | 4 5 6 |  6.0
Polearms       | 3 4 6 |  6.1
Fighting       | |  3.6
Armour         | |  3.6

Action                     |  1- 3 |  4- 6 || total
---------------------------+-------+-------++-------
  Melee: Trident           |    98 |   124 ||   222
         Headbutt          |     6 |    10 ||    16
   Stab: Distracted        |       |     1 ||     1
 Armour: Scale mail        |    48 |       ||    48
         Chain mail        |    13 |    74 ||    87
  Dodge: Dodged            |    50 |    20 ||    70
  Block: Buckler           |    22 |    18 ||    40

Table legend: (Time is in decaauts)
 A = Elapsed time spent in this place.
 B = Non-inter-level travel time spent in this place.
 C = Inter-level travel time spent in this place.
 D = Time resting spent in this place.
 E = Time spent auto-exploring this place.
 F = Levels seen in this place.
 G = Mean time per level.
                   A        B        C        D        E       F      G
               +--------+--------+--------+--------+--------+-----+--------+
         Total |   2255 |   2189 |     66 |     71 |   1647 |   4 |  563.8 |
       Dungeon |   2255 |   2189 |     66 |     71 |   1647 |   4 |  563.8 |
               +--------+--------+--------+--------+--------+-----+--------+

Top non-repeatable levels by time:
     D:3: 919 daAuts
     D:1: 694 daAuts
     D:2: 605 daAuts
     D:4: 36 daAuts
